 Dungeon Crawl Stone Soup version 0.20-a0-1033-g05abe66 (webtiles) character file.

316 Deemzul the Skirmisher (level 6, 0/48 HPs)
             Began as a Mummy Fighter on Apr 21, 2017.
             Slain by an ogre
             ... wielding a +0 giant club
              (19 damage)
             ... on level 6 of the Dungeon.
             The game lasted 00:05:07 (5014 turns).

Deemzul the Skirmisher (Mummy Fighter)              Turns: 5014, Time: 00:05:08

Health: 0/48       AC:  6    Str: 20    XL:     6   Next: 20%
Magic:  6/6        EV:  7    Int:  7    God:
Gold:   220        SH: 10    Dex: 13    Spells: 5/5 levels left

rFire    x . .     SeeInvis .   a - +1 long sword
rCold    + . .     Gourm    .   c - +1 shield
rNeg     + + +     Faith    .   b - +0 scale mail
rPois    ∞         Spirit   .   (no helmet)
rElec    .         Reflect  .   (no cloak)
rCorr    .         Harm     .   (no gloves)
MR       .....                  (no boots)
Stlth    ..........             (no amulet)
Regen    0.2/turn               (no ring)
MPRegen  0.1/turn               (no ring)

@: drained
A: no food or potions, fire vulnerability, cold resistance 1, negative energy
resistance 3, torment resistance, unbreathing
a: no special abilities


You were on level 6 of the Dungeon.
You were not hungry.

You visited 1 branch of the dungeon, and saw 6 of its levels.

You collected 220 gold pieces.

Inventory:

Hand Weapons
 a - a +1 long sword (weapon)
Armour
 b - a +0 scale mail (worn)
 c - a +1 shield (worn)
Jewellery
 m - an uncursed amulet of regeneration {unknown}
Scrolls
 d - 3 scrolls of remove curse
 e - a scroll of magic mapping {unknown}
 f - 2 scrolls of teleportation
 i - a scroll of enchant weapon
 k - 2 scrolls of identify
 l - 2 scrolls of enchant armour
 n - a scroll of recharging
Books
 j - a book of Misfortune

   Spells                             Type                      Level
   a - Confusing Touch                Hexes                        1
   b - Confuse                        Hexes                        3
   c - Gell's Gravitas                Translocation                3
   d - Petrify                        Transmutation/Earth          4
   e - Metabolic Englaciation         Hexes/Ice                    5
   f - Yara's Violent Unravelling     Hexes/Transmutation          5


   Skills:
 + Level 4.1(3.8) Fighting
 * Level 3.8(3.5) Long Blades
 + Level 3.2(3.0) Armour
 - Level 0.8(0.6) Dodging
 + Level 3.0(2.8) Shields


You had 5 spell levels left.
You didn't know any spells.

Dungeon Overview and Level Annotations

Branches:
Dungeon (6/15)
 Temple: D:4-7

Altars:
Cheibriados
Nemelex Xobeh

Annotations:
D:4 Grinder


Innate Abilities, Weirdness & Mutations

You do not eat or drink.
Your flesh is vulnerable to fire.
You are immune to poison.
Your flesh is cold resistant. (rC+)
You are immune to negative energy. (rN+++)
You are immune to unholy pain and torment.
You can survive without breathing.


Message History

The ogre is moderately wounded.
You hit the ogre but do no damage.
The ogre is moderately wounded.
The ogre completely misses you.
You slash the ogre!
The ogre is heavily wounded.
The ogre hits you with a giant club!!
You closely miss the ogre.
The ogre is heavily wounded.
You block the ogre's attack.
You are too injured to fight recklessly!
You are too injured to fight recklessly!
You are too injured to fight recklessly!
Your shield and scale mail prevent you from hitting the ogre.
The ogre is heavily wounded.
You block the ogre's attack.
You hit the ogre.
The ogre is severely wounded.
The ogre hits you with a giant club!!
You die...

### .... ..#...
#############....).
.........#.....#...
#..[....##..$..##.#
.........O@..# #g#
......######## #g#
.##### ##########g#
.......†##.#
######..<#o#
#...#o#######
###....5......#
#.....##.....#.##
#.....##.#.......


You could see an ogre.

Vanquished Creatures
  A bullfrog skeleton (D:6)
  An orc priest (D:6)
  An orc wizard (D:2)
  An iron imp (D:4)
  A worker ant (D:4)
  9 adders
  A gnoll (D:2)
  An ooze (D:1)
  A dart slug (D:3)
  2 worms
  2 leopard geckos (D:2)
  5 orcs
  7 bats
  6 giant cockroaches
  7 goblins
  5 hobgoblins
  7 jackals
  4 kobolds
  4 quokkas
  3 ball pythons (D:2)
  4 frilled lizards
  3 rats
76 creatures vanquished.

Notes
Turn   | Place    | Note
-------+----------+-------------------------------------------
     0 | D:1      | Deemzul the Mummy Fighter began the quest for the Orb.
     0 | D:1      | Reached XP level 1. HP: 18/18 MP: 1/1
   112 | D:1      | Reached XP level 2. HP: 21/24 MP: 2/2
   510 | D:2      | Reached XP level 3. HP: 24/29 MP: 3/3
  1243 | D:2      | Reached XP level 4. HP: 35/35 MP: 4/4
  2215 | D:3      | Reached XP level 5. HP: 40/42 MP: 5/5
  2543 | D:2      | HP: 2/42 [gnoll/halberd (16)]
  3846 | D:4      | Found a snail-covered altar of Cheibriados.
  4242 | D:5      | Entered Level 5 of the Dungeon
  4242 | D:5      | Noticed Grinder
  4245 | D:5      | Paralysed by Grinder for 3 turns
  4380 | D:6      | Reached skill level 4 in Fighting
  4388 | D:6      | Reached XP level 6. HP: 27/48 MP: 6/6
  4597 | D:6      | Found a sparkling altar of Nemelex Xobeh.
  5014 | D:6      | Slain by an ogre

Vault maps used:
D:1:      dpeg_arrival_prison
D:2:      st_stairs_5
D:4:      first_bread, chei_slow_surprise
D:5:      minmay_temple_entry_poolview, serial_shops,
          nicolae_shop_temple_entry_statues_fountains, serial_bayou,
          serial_bayou_lagoon_a, serial_bayou_pond_c, serial_bayou_ford_a,
          serial_bayou_pond_c, fedhas_altar_fruit_tree, uniq_blork_the_orc,
          uniq_grinder
D:6:      overflow_temple_1_default, kennysheep_mini,
          hangedman_abyss_or_decor_lesser_grid, wad_rectangle_vault

Skill      XL: |  1  2  3  4  5 |
---------------+----------------+-----
Long Blades    | 2 3 |  3.8
Armour         | 3 |  3.2
Shields        | 3 |  3.0
Fighting       | 4 |  4.1
Dodging        | |  0.8

Action                   |  1- 3 |  4- 6 || total
-------------------------+-------+-------++-------
Melee: Long sword        |   125 |   223 ||   348
  Use: Scroll            |     3 |     5 ||     8
Armor: Scale mail        |    59 |   104 ||   163
Dodge: Dodged            |    45 |    67 ||   112
Block: Shield            |    62 |   130 ||   192
       Rpst.: Long sword |    16 |    21 ||    37
